AoeStats
← zamithdaniel

Black Forest

506915206Analyzed
2v2 RM · 18d ago on Sep 15, 2026· 50m 8s· 4 players
Game mode
Random Map
Map size
Medium (4 player)
Population
200
Speed
Normal
Resources
Standard
Victory
Conquest
Starting age
Dark Age
Ending age
Imperial Age
RankedLock teamsTeams togetherTeam positionsShared explorationLock speedFull tech treeHidden civsTurbo modeCheats
Victory
Defeat
🇨🇴 Turks · Colombia
903
+15
🇮🇪 Portuguese · Ireland
853
+16
🇨🇭 Turks · Switzerland
882
-16
🇨🇭 Burgundians · Switzerland
862
-15
Sheeiko
8:25 Loom
12:58 Feudal Age
16:39 Castle Age
14:28 Horse Collar
14:47 Double-Bit Axe
17:22 Heavy Plow
19:06 Bow Saw
23:50 Gold Mining
24:59 Stone Mining
26:36 Wheelbarrow
25:49 Town Watch
27:20 Hand Cart
29:21 Stone Shaft Mining
28:54 Scale Mail Armor
31:35 Imperial Age
30:12 Caravan
31:08 Treadmill Crane
31:53 Ballistics
32:46 Conscription
33:28 Chemistry
32:54 Chain Mail Armor
33:34 Pikeman
34:46 Plate Mail Armor
34:26 Forging
34:07 Fletching
34:59 Bombard Tower
34:50 Masonry
35:22 Fortified Wall
36:37 Iron Casting
38:33 Blast Furnace
36:58 Halberdier
37:32 Arson
39:31 Architecture
38:48 Elite Organ Gun
39:34 Arquebus
39:55 Siege Engineers
42:43 Fletching
zamithdaniel
12:19 Feudal Age
12:54 Double-Bit Axe
12:52 Horse Collar
22:09 Castle Age
22:31 Gold Mining
22:34 Stone Mining
24:55 Bow Saw
31:48 Imperial Age
30:08 Gold Shaft Mining
30:02 Heavy Plow
31:39 Fortified Wall
31:51 Ballistics
33:44 Padded Archer Armor
33:54 Forging
33:50 Scale Barding Armor
35:33 Two-Man Saw
36:12 Wheelbarrow
35:23 Town Watch
35:24 Loom
36:19 Leather Archer Armor
36:41 Iron Casting
36:27 Chain Barding Armor
37:01 Artillery
37:22 Conscription
37:09 Fishing Lines
38:05 Hand Cart
38:09 Bloodlines
38:01 Husbandry
39:26 Blast Furnace
39:08 Gillnets
39:56 Plate Barding Armor
39:53 Ring Archer Armor
39:45 Elite Janissary
42:39 Fletching
twitch.tv/RiZeofCRO
0:25 Loom
12:30 Feudal Age
19:00 Castle Age
20:11 Double-Bit Axe
20:08 Horse Collar
20:37 Stone Mining
22:43 Wheelbarrow
23:27 Bow Saw
23:19 Heavy Plow
25:33 Town Watch
26:05 Gold Mining
32:44 Imperial Age
30:43 Scale Barding Armor
30:49 Forging
32:55 Chain Barding Armor
33:10 Iron Casting
33:10 Hand Cart
33:29 Bloodlines
33:20 Husbandry
34:12 Conscription
33:20 Heavy Camel Rider
34:29 Fortified Wall
36:09 Two-Man Saw
35:48 Gold Shaft Mining
35:48 Caravan
36:53 Plate Barding Armor
37:24 Blast Furnace
37:10 Ballistics
38:34 Elite Janissary
39:18 Scale Mail Armor
40:40 Chain Mail Armor
41:57 Plate Mail Armor
42:35 Thumb Ring
43:41 Fletching
43:51 Padded Archer Armor
45:36 Bodkin Arrow
45:56 Leather Archer Armor
Mimosoa X Orange Punch
12:40 Loom
15:05 Feudal Age
14:50 Double-Bit Axe
15:00 Horse Collar
15:40 Gold Mining
23:28 Castle Age
21:56 Bow Saw
28:23 Imperial Age
27:24 Gold Shaft Mining
26:53 Heavy Plow
29:14 Caravan
30:52 Chemistry
31:20 Capped Ram
36:54 Ballistics
36:45 Fortified Wall
36:02 Onager
38:25 Two-Man Saw
38:10 Wheelbarrow
37:21 Town Watch
40:37 Hand Cart
40:35 Pikeman
41:15 Squires
41:31 Forging
41:22 Scale Mail Armor
42:56 Elite Coustillier
45:44 Scale Barding Armor
46:15 Iron Casting
46:04 Conscription
46:39 Elite Skirmisher
47:44 Chain Barding Armor
47:12 Halberdier
50:37 Padded Archer Armor
50:27 Fletching
Connection lost

Rejoining the realm…

Still unreachable

The connection could not be restored.

Session expired

The server has moved on; the page needs a fresh start.